 Dungeon Crawl Stone Soup version 0.23-a0-309-ge7838e6 (webtiles) character file.

1540 Ijustatesigmund the Sneak (level 8, -3/55 HPs)
             Began as an Octopode Wizard on Oct 11, 2018.
             Slain by a centaur (7 damage)
             ... on level 5 of the Dungeon.
             The game lasted 00:25:42 (10587 turns).

Ijustatesigmund the Sneak (Octopode Wizard)        Turns: 10587, Time: 00:25:43

Health: -3/55      AC:  2    Str:  4 (7)  XL:     8   Next: 86%
Magic:  14/14      EV: 14    Int: 24 (25) God:
Gold:   222        SH:  0    Dex: 11 (12) Spells: 9/15 levels left

rFire    . . .     SeeInvis .   d - +3 short sword (speed)
rCold    . . .     Gourm    .   (no shield)
rNeg     . . .     Faith    .   a - +1 hat
rPois    .         Spirit   .   (no amulet)
rElec    .         Reflect  .   (no ring)
rCorr    .         Harm     .   (no ring)
MR       .....                  (no ring)
Stlth    ++++......             (no ring)
HPRegen  0.18/turn              (no ring)
MPRegen  0.14/turn              (no ring)
                                (no ring)
                                (no ring)

@: brilliant
A: almost no armour, stealthy swim, amphibious, 8 rings, constrict 8, camouflage
1, gelatinous body 1
a: no special abilities


You were on level 5 of the Dungeon.
You were not hungry.

You visited 1 branch of the dungeon, and saw 6 of its levels.
You also visited: Sewer.

You collected 222 gold pieces.

Inventory:

Hand Weapons
 b - a +0 hand axe
 d - a +3 short sword of speed (weapon)
Armour
 a - a +1 hat (worn)
Wands
 r - a wand of polymorph (21)
Scrolls
 e - a scroll of enchant weapon
 g - 3 scrolls of remove curse
 o - 2 scrolls of amnesia
Potions
 f - a potion of flight
 k - a potion of mutation {unknown}
 t - a potion of resistance {unknown}
 x - 2 potions of ambrosia {unknown}
Comestibles
 c - 3 rations


   Skills:
 - Level 5.1 Fighting
 - Level 2.0 Short Blades
 + Level 3.8 Dodging
 - Level 5.7 Stealth
 - Level 4.1 Spellcasting
 - Level 5.4 Conjurations
   Level 1.0 Summonings
 - Level 2.2 Translocations
 - Level 2.5 Air Magic
 - Level 2.2 Poison Magic


You had 9 spell levels left.
You knew the following spells:

 Your Spells              Type           Power        Failure   Level  Hunger
a - Magic Dart            Conj           ####         1%          1    None
b - Blink                 Tloc           N/A          1%          2    #......
c - Mephitic Cloud        Conj/Pois/Air  #####...     1%          3    ##.....

Your spell library contained the following spells:

 Spells                   Type           Power        Failure   Level  Hunger
 Call Imp                 Summ           ###.....     1%          2    #......
 Slow                     Hex            ###.....     1%          2    #......
 Conjure Flame            Conj/Fire      ####....     1%          3    ##.....


Dungeon Overview and Level Annotations

Branches:
Dungeon (6/15)
 Temple: D:4-7

Altars:
Ru

Annotations:
D:5 3 runed doors, iamserjio's ghost, novice TeAE


Innate Abilities, Weirdness & Mutations

You cannot wear most types of armour.
You are very stealthy in the water. (Stealth+)
You are amphibious.
You can wear up to eight rings at the same time.
You can use your tentacles to constrict eight enemies at once.
Your skin changes colour to match your surroundings (Stealth+).
Your rubbery body absorbs attacks. (AC +1, EV +1)


Message History

The jackal bites you but does no damage.
The centaur misses you.
You hit the centaur but do no damage. Your squeeze misses the centaur.
The centaur is severely wounded.
The jackal bites you but does no damage.
The centaur barely misses you.
You hit the centaur.
The centaur is severely wounded.
The jackal bites you but does no damage.
The centaur misses you.
It was a potion of magic.
Magic courses through your body.
The jackal bites you but does no damage.
The centaur misses you.
The jackal bites you but does no damage.
It was a potion of brilliance.
You feel clever all of a sudden. The centaur hits you!
* * * LOW HITPOINT WARNING * * *
The jackal misses you. The centaur hits you!
You die...

#.......##....#
#..........#
.##.......########
.......[.........#
.##........#.....#
###.........>....#
........###..#####
####..ch# ##.## ########
. ####..#@####..#
#......# .
.......(..###.###......#
.
.##.....#####...#..)...#
. #.............(......#
.
#....#########.........#
..#..#..l....#.##......#
# #..#..###..#.##......#
. ...+..###..#.##......#
.
....+....O$.#.##......#


You could see a centaur, a jackal and a frilled lizard.

Vanquished Creatures
  Duvessa (D:5)
  An ice beast (D:4)
  A sky beast (D:5)
  A phantom (D:5)
  2 ogres
  2 centaurs
  Dowan (D:5)
  A scorpion (D:5)
  A centaur zombie (D:6)
  3 orc priests
  A jelly (D:5)
  3 hounds
  3 orc wizards (D:3)
  2 iguanas
  Natasha (thrice) (D:4)
  A worker ant (D:4)
  A hound zombie (D:5)
  11 adders
  2 oozes
  2 worms
  2 dart slugs
  5 leopard geckos
  20 orcs
  5 ball pythons
  6 giant cockroaches
  8 goblins
  8 hobgoblins
  11 jackals
  14 kobolds
  6 quokkas
  4 bats
  8 frilled lizards
  9 rats
  A plant (Sewer)
150 creatures vanquished.

Notes
Turn   | Place    | Note
-------+----------+-------------------------------------------
     0 | D:1      | Ijustatesigmund the Octopode Wizard began the quest for the
                  | Orb.
     0 | D:1      | Reached XP level 1. HP: 11/11 MP: 4/4
   510 | D:1      | Reached XP level 2. HP: 12/17 MP: 0/6
   514 | D:1      | Learned a level 2 spell: Blink
  1072 | D:1      | Reached XP level 3. HP: 21/21 MP: 3/7
  1588 | D:1      | Learned a level 3 spell: Mephitic Cloud
  1796 | D:2      | Found a sacrificial altar of Ru.
  1941 | D:2      | Reached skill level 1 in Short Blades
  2002 | D:2      | Reached XP level 4. HP: 23/27 MP: 3/8
  2321 | D:3      | Reached skill level 1 in Poison Magic
  2361 | D:3      | Found a glowing drain.
  2366 | Sewer    | Entered a sewer
  2419 | Sewer    | Reached skill level 1 in Air Magic
  2419 | Sewer    | Reached XP level 5. HP: 31/31 MP: 3/9
  4002 | D:3      | Reached XP level 6. HP: 3/36 MP: 1/10
  5692 | D:4      | Noticed Natasha
  5873 | D:4      | Reached skill level 5 in Stealth
  5873 | D:4      | Reached XP level 7. HP: 20/41 MP: 1/11
  6534 | D:4      | Killed Natasha
  6595 | D:4      | Noticed Natasha
  6604 | D:4      | Killed Natasha
  6636 | D:4      | Noticed Natasha
  6647 | D:4      | Killed Natasha
  7047 | D:5      | Entered Level 5 of the Dungeon
  7147 | D:5      | Noticed Duvessa
  7151 | D:5      | Noticed Dowan
  7704 | D:5      | Killed Duvessa
  8271 | D:5      | Found a runed gate.
  8271 | D:5      | Found a runed gate.
  8271 | D:5      | Found a runed gate.
  8283 | D:4      | Reached skill level 5 in Conjurations
  9030 | D:5      | Reached XP level 8. HP: 46/46 MP: 7/14
  9306 | D:5      | Reached skill level 1 in Fighting
  9441 | D:5      | Killed Dowan
 10103 | D:5      | Reached skill level 5 in Fighting
 10395 | D:5      | Noticed iamserjio's ghost (novice TeAE)
 10396 | D:5      | Noticed a two-headed ogre
 10587 | D:5      | Slain by a centaur

Vault maps used:
D:1:      lemuel_arrival_lava_pool, minmay_misc_feat_ornament,
          minmay_tetromino_t4
D:2:      nicolae_ru_sacrificial_ziggurat
D:3:      portal_sewer_entry_e
D:4:      first_ration, uniq_natasha
D:5:      gammafunk_ghost_split, uniq_duvessa
D:6:      cheibrodos_fzero, uniq_pikel
Sewer:    sewer_co_scattered_pipes

Skill      XL: |  1  2  3  4  5  6  7  8 |
---------------+-------------------------+-----
Conjurations   | 2 3 4 5 |  5.4
Short Blades   | 1 2 |  2.0
Poison Magic   | 1 2 |  2.2
Air Magic      | 1 2 |  2.5
Translocations | 2 |  2.2
Stealth        | 3 5 |  5.7
Spellcasting   | 4 |  4.1
Fighting       | 5 |  5.1
Dodging        | 3 |  3.8
Summonings     | |  1.0

Action                   |  1- 3 |  4- 6 |  7- 9 || total
-------------------------+-------+-------+-------++-------
Melee: Hand axe          |    24 |       |       ||    24
       Constrict         |     8 |    16 |    16 ||    40
       Short sword       |    13 |    99 |   110 ||   222
       Tentacles         |     1 |    12 |    19 ||    32
 Cast: Magic Dart        |    67 |   122 |   141 ||   330
       Mephitic Cloud    |       |     3 |    12 ||    15
       Blink             |       |       |     7 ||     7
Evoke: Wand              |       |     1 |     2 ||     3
  Use: Scroll            |     3 |     6 |     7 ||    16
       Potion            |       |     2 |    13 ||    15
 Stab: Sleeping          |     1 |    13 |       ||    14
       Confused          |       |     2 |     4 ||     6
       Distracted        |       |     1 |       ||     1
  Eat: Chunk             |     2 |     9 |     1 ||    12
       Ration            |       |     1 |     5 ||     6
Armor: Skin              |     9 |     6 |    15 ||    30
Dodge: Dodged            |    37 |    29 |    91 ||   157

Table legend:
 A = Non-vault XP
 B = Vault XP
 C = Vault XP percentage of total XP
 D = Non-vault monster count
 E = Vault monster count
 F = Vault count percentage of total count
                 A         B        C        D         E       F
            +---------+---------+-------+---------+---------+-------
      Total |    1832 |     368 |  16.7 |     122 |      27 |  18.1
            +---------+---------+-------+---------+---------+-------
        D:1 |      53 |       3 |   5.4 |      29 |       2 |   6.5
        D:2 |      36 |       0 |   0.0 |       9 |       0 |   0.0
        D:3 |     197 |       0 |   0.0 |      36 |       0 |   0.0
        D:4 |     552 |      35 |   6.0 |      26 |       1 |   3.7
        D:5 |     668 |     223 |  25.0 |      16 |       2 |  11.1
        D:6 |     326 |       0 |   0.0 |       6 |       0 |   0.0
      Sewer |       0 |     107 | 100.0 |       0 |      22 | 100.0
            +---------+---------+-------+---------+---------+-------
